 Dungeon Crawl Stone Soup version 0.20.0-9-g8272e65 (webtiles) character file.

309 RKaid the Sneak (level 6, 0/36 HPs)
             Began as an Octopode Wizard on June 3, 2017.
             Slain by an orc
             ... wielding a +0 flail
              (3 damage)
             ... on level 4 of the Dungeon.
             The game lasted 00:18:38 (5480 turns).

RKaid the Sneak (Octopode Wizard)                   Turns: 5480, Time: 00:18:39

Health: 0/36       AC:  1    Str:  5 (7)  XL:     6   Next: 41%
Magic:  5/12       EV: 18    Int: 22      God:
Gold:   133        SH:  0    Dex: 13 (15) Spells: 2/13 levels left

rFire    . . .     SeeInvis .   a - +0 dagger (drain)
rCold    . . .     Gourm    .   (no shield)
rNeg     . . .     Faith    .   e - +0 hat
rPois    .         Spirit   .   (no amulet)
rElec    .         Reflect  .   (no ring)
rCorr    .         Harm     .   (no ring)
MR       .....                  (no ring)
Stlth    +++++.....             (no ring)
Regen    0.2/turn               (no ring)
MPRegen  0.2/turn               (no ring)
                                (no ring)
                                (no ring)

@: agile
A: almost no armour, stealthy swim, amphibious, 8 rings, constrict 8, camouflage
1, gelatinous body 1
a: no special abilities


You were on level 4 of the Dungeon.
You were not hungry.

You visited 1 branch of the dungeon, and saw 4 of its levels.

You collected 133 gold pieces.

Inventory:

Hand Weapons
 a - a +0 dagger of draining (weapon)
   (You took it off a goblin on level 1 of the Dungeon)
 s - a +0 broad axe of freezing
   (You found it on level 2 of the Dungeon)
 w - a +0 dagger of venom
   (You took it off a goblin on level 2 of the Dungeon)
 x - a +0 vampiric whip {win!}
   (You found it on level 3 of the Dungeon)
 C - a +1 short sword of venom
   (You found it on level 3 of the Dungeon)
 F - a +2 war axe of chopping
   (You took it off an orc on level 3 of the Dungeon)
Missiles
 m - 9 sling bullets
 v - 22 poisoned needles
Armour
 e - a +0 hat (worn)
Magical Staves
 i - an uncursed staff of death {rN+}
   (You found it on level 4 of the Dungeon)
Scrolls
 d - a scroll of random uselessness {unknown}
 g - a scroll of amnesia
 h - a scroll of teleportation {unknown}
 k - 2 scrolls of fog
 l - a scroll of enchant weapon {unknown}
 o - a scroll of remove curse
 p - a scroll of fear {unknown}
 q - a scroll of immolation {!r}
 B - a scroll of magic mapping {unknown}
Potions
 f - 4 potions of magic
 n - 3 potions of might
 r - a potion of flight
 t - a potion of degeneration {!q}
 z - a potion of haste {unknown}
Books
 b - a book of Minor Magic
Comestibles
 c - 3 bread rations
 j - a meat ration


   Skills:
 - Level 2.0 Dodging
 + Level 5.2 Stealth
 + Level 4.2 Spellcasting
 * Level 4.2 Conjurations
 - Level 1.0 Summonings
 - Level 1.0 Translocations


You had 2 spell levels left.
You knew the following spells:

 Your Spells              Type           Power        Failure   Level  Hunger
a - Magic Dart            Conj           ###.         1%          1    None
b - Conjure Flame         Conj/Fire      ##......     14%         3    ##.....
c - Call Imp              Summ           #.......     11%         2    #......
d - Mephitic Cloud        Conj/Pois/Air  ##......     19%         3    ##.....
B - Blink                 Tloc           N/A          11%         2    #......


Dungeon Overview and Level Annotations

Branches:
Dungeon (4/15)
 Temple: D:4-7

Altars:
Ashenzari
Ru
Uskayaw

Annotations:
D:4 exclusion: phantom


Innate Abilities, Weirdness & Mutations

You cannot wear most types of armour.
You are very stealthy in the water. (Stealth+)
You are amphibious.
You can wear up to eight rings at the same time.
You can use your tentacles to constrict eight enemies at once.
Your skin changes colour to match your surroundings (Stealth+).
Your rubbery body absorbs attacks. (AC +1, EV +1)


Message History

Casting: Magic Dart
Confirm with . or Enter, or press ? or * to list all spells.
Aiming: Magic Dart
Press: ? - help, Shift-Dir - straight line, f/p - worker ant
Aim: a worker ant (lightly wounded)
The magic dart hits the worker ant.
Casting: Magic Dart
Confirm with . or Enter, or press ? or * to list all spells.
Aiming: Magic Dart
Press: ? - help, Shift-Dir - straight line, f/p - worker ant
Aim: a worker ant (moderately wounded)
The magic dart hits the worker ant.
Casting: Magic Dart
Confirm with . or Enter, or press ? or * to list all spells.
Aiming: Magic Dart
Press: ? - help, Shift-Dir - straight line, f/p - worker ant
Aim: a worker ant (severely wounded)
The magic dart hits the worker ant.
You kill the worker ant!
You feel your intelligence returning.
You start resting.
You start resting.
You see here a leather armour.
Casting: Magic Dart
Confirm with . or Enter, or press ? or * to list all spells.
Aiming: Magic Dart
Press: ? - help, Shift-Dir - straight line, f - orc
Aim: an orc, wielding a flail and wearing a chain mail (hasn't noticed you)
The magic dart hits the orc.
The orc shouts!
Casting: Magic Dart
Confirm with . or Enter, or press ? or * to list all spells.
Aiming: Magic Dart
Press: ? - help, Shift-Dir - straight line, f/p - orc
Aim: an orc, wielding a flail and wearing a chain mail (lightly wounded)
The magic dart hits the orc.
Casting: Magic Dart
Confirm with . or Enter, or press ? or * to list all spells.
Aiming: Magic Dart
Press: ? - help, Shift-Dir - straight line, f/p - orc
Aim: an orc, wielding a flail and wearing a chain mail (lightly wounded)
The magic dart hits the orc.
The orc shouts!
Casting: Magic Dart
Confirm with . or Enter, or press ? or * to list all spells.
Aiming: Magic Dart
Press: ? - help, Shift-Dir - straight line, f/p - orc
Aim: an orc, wielding a flail and wearing a chain mail (moderately wounded)
The magic dart hits the orc.
The orc priest shouts!
The orc barely misses you.
You hit the orc but do no damage. You drain the orc! You grab the orc.
You constrict the orc, but do no damage.
The orc closely misses you.
You hit the orc but do no damage. You drain the orc!
You kill the orc!
You hit the orc priest. You drain the orc priest! You grab the orc priest.
You squeeze the orc priest.
You constrict the orc priest, but do no damage.
The orc priest hits you but does no damage.
The orc hits you with a flail.
You hit the orc priest but do no damage.
You constrict the orc priest, but do no damage.
The orc priest closely misses you.
You hit the orc priest.
You constrict the orc priest, but do no damage.
The orc barely misses you.
The orc priest hits you but does no damage.
You hit the orc priest but do no damage.
You constrict the orc priest, but do no damage.
The orc misses you.
The orc priest invokes the aid of Beogh against you.
Pain shoots through your body!
You hit the orc priest but do no damage.
You constrict the orc priest. The orc priest misses you.
The orc hits you with a flail!
You hit the orc priest but do no damage.
You drain the orc priest!
You kill the orc priest!
The orc barely misses you.
You see here a leather armour.
You hit the orc but do no damage. Your grab misses the orc.
The orc barely misses you.
You hit the orc but do no damage. You grab the orc.
You constrict the orc, but do no damage.
You hit the orc. You drain the orc! You constrict the orc.
The orc hits you with a flail!
* * * LOW HITPOINT WARNING * * *
Unknown command.
Casting: Magic Dart
Confirm with . or Enter, or press ? or * to list all spells.
You blink.
You lose your grip on the orc.
The worker ant twitches its antennae in your direction.
As you read the scroll labeled HYG PAUCLANE, it crumbles to dust.
The creatures around you are filled with an inner flame!
It was a scroll of immolation.
Okay, then.
You feel agile all of a sudden. The orc hits you with a flail.
You die...

#.##........######.#
#.##.###...........#
...#.# #...#########
#.#..###...# #..........#
###..####..# .#.#.......#
#.#######.######## ###
#...).a..@# ##
#a.######o# .#######..#
#.# #......#..####
#[########
.#####.......###.#......#
## ###........)#.####.# #
#.o....###.#.####.# #
##...#.##.........# #
#.............##.#


You could see a worker ant (inner flame) and an orc (inner flame).

Vanquished Creatures
  A scorpion (D:4)
  An orc priest (D:4)
  A bullfrog skeleton (D:4)
  2 worker ants (D:4)
  4 adders
  2 oozes
  An adder skeleton (D:4)
  2 worms
  3 dart slugs (D:1)
  2 leopard geckos (D:3)
  14 orcs
  A ball python (D:2)
  5 giant cockroaches
  13 hobgoblins
  3 quokkas
  7 bats
  7 frilled lizards
  5 goblins
  4 kobolds
  A leopard gecko skeleton (D:4)
  5 rats
84 creatures vanquished.

Notes
Turn   | Place    | Note
-------+----------+-------------------------------------------
     0 | D:1      | RKaid the Octopode Wizard began the quest for the Orb.
     0 | D:1      | Reached XP level 1. HP: 11/11 MP: 4/4
   172 | D:1      | Reached XP level 2. HP: 17/17 MP: 0/6
   185 | D:1      | Reached skill level 3 in Stealth
   631 | D:1      | Reached skill level 2 in Conjurations
   702 | D:1      | Learned a level 2 spell: Blink
   705 | D:1      | Learned a level 2 spell: Call Imp
   773 | D:1      | Reached XP level 3. HP: 15/21 MP: 4/7
  1473 | D:2      | Found a shattered altar of Ashenzari.
  1492 | D:2      | Reached XP level 4. HP: 27/27 MP: 1/9
  1677 | D:2      | Found a hide-covered altar of Uskayaw.
  2477 | D:3      | Found a sacrificial altar of Ru.
  2579 | D:3      | Reached skill level 3 in Conjurations
  3369 | D:3      | Reached skill level 4 in Stealth
  3415 | D:3      | Reached XP level 5. HP: 31/31 MP: 7/10
  3712 | D:4      | Learned a level 3 spell: Conjure Flame
  3716 | D:4      | Learned a level 3 spell: Mephitic Cloud
  4201 | D:4      | Reached skill level 4 in Spellcasting
  4534 | D:4      | HP: 7/31 [worker ant (3)]
  4538 | D:4      | HP: 3/31 [poisoned by a worker ant]
  4539 | D:4      | HP: 1/31 [worker ant (1)]
  4563 | D:4      | Reached skill level 4 in Conjurations
  4563 | D:4      | Reached XP level 6. HP: 17/36 MP: 12/12
  4796 | D:4      | Noticed a phantom
  5341 | D:4      | Reached skill level 5 in Stealth
  5476 | D:4      | HP: 2/36 [orc/flail (10)]
  5480 | D:4      | Slain by an orc

Skill      XL: |  1  2  3  4  5  6 |
---------------+-------------------+-----
Stealth        | 3 4 5 |  5.2
Conjurations   | 2 3 4 |  4.2
Spellcasting   | 4 |  4.2
Dodging        | |  2.0
Summonings     | |  1.0
Translocations | |  1.0

Action                   |  1- 3 |  4- 6 || total
-------------------------+-------+-------++-------
Melee: Dagger            |    49 |   119 ||   168
       Constrict         |    13 |    25 ||    38
       Tentacles         |     2 |    14 ||    16
       Whip              |       |     6 ||     6
 Cast: Magic Dart        |    38 |    58 ||    96
       Conjure Flame     |       |     3 ||     3
       Blink             |       |     2 ||     2
       Mephitic Cloud    |       |     1 ||     1
  Use: Potion            |       |     7 ||     7
       Scroll            |       |     6 ||     6
 Stab: Sleeping          |     6 |    10 ||    16
  Eat: Chunk             |     1 |     6 ||     7
       Royal jelly       |     1 |     1 ||     2
       Fruit             |       |     9 ||     9
Armor: Skin              |     1 |    20 ||    21
Dodge: Dodged            |    22 |    60 ||    82

Table legend:
 A = Turns spent in this place as a percentage of turns spent in the entire game.
 B = Non-inter-level travel turns spent in this place as a percentage of non-inter-level travel turns spent in the entire game.
 C = Inter-level travel turns spent in this place as a percentage of turns spent in this place.
 D = Turns resting spent in this place as a percentage of non-inter-level travel turns spent in this place.
 E = Turns spent auto-exploring this place as a percentage of non-inter-level travel turns spent in this place.
 F = Non-inter-level travel turns spent in this place divided by the number of levels of this place that you've seen.
                   A       B       C       D       E      F
               +-------+-------+-------+-------+-------+----------------------
         Total | 100.0 | 100.0 |   0.5 |   6.5 |   6.8 | 299.8
       Dungeon | 100.0 | 100.0 |   0.5 |   6.5 |   6.8 | 299.8
               +-------+-------+-------+-------+-------+----------------------

Table legend:
 A = Kills in this place as a percentage of kills in entire the game.
 B = Kills by you in this place as a percentage of kills by you in the entire game.
 C = Kills by friends in this place as a percentage of kills by friends in the entire game.
 D = Other kills in this place as a percentage of other kills in the entire game.
 E = Experience gained in this place as a percentage of experience gained in the entire game.
 F = Experience gained in this place divided by the number of levels of this place that you have seen.
                   A       B       C       D       E      F
               +-------+-------+-------+-------+-------+----------------------
         Total | 100.0 | 100.0 |  -nan |  -nan | 100.0 | 110.5
       Dungeon | 100.0 | 100.0 |  -nan |  -nan | 100.0 | 110.5
               +-------+-------+-------+-------+-------+----------------------
